 Dungeon Crawl Stone Soup version 0.30-a0-219-gf2db51d15e (webtiles) character file.

Game seed: 8700564702446119200

258 raistware the Poker (level 6, -6/62 HPs)
             Began as an Ogre Reaver on Oct 7, 2022.
             Was an Initiate of Vehumet.
             Mangled by an ogre
             ... wielding a +0 giant club
              (37 damage)
             ... on level 4 of the Dungeon.
             The game lasted 00:11:53 (3821 turns).

raistware the Poker (Ogre Reaver)                   Turns: 3821, Time: 00:11:54

Health: -6/62      AC:  3    Str: 19    XL:     6   Next: 16%
Magic:  7/10       EV:  9    Int: 14    God:    Vehumet [......]
Gold:   258        SH:  5    Dex:  7    Spells: 5/11 levels left

rFire   . . .      SeeInvis .    b - +0 halberd
rCold   . . .      Faith    .    (shield currently unavailable)
rNeg    . . .      Spirit   .    t - +0 robe
rPois   .          Reflect  +    (helmet restricted)
rElec   .          Harm     .    (no cloak)
rCorr   .          Rampage  .    (gloves unavailable)
Will    .....                    (boots unavailable)
Stlth   +.........               y - amulet of reflection
HPRegen 0.30/turn                m - ring of wizardry
MPRegen 0.12/turn                (no ring)

@: immotile
A: large, unfitting armour, tough skin 1
a: Renounce Religion


You were on level 4 of the Dungeon.
You worshipped Vehumet.
Vehumet was noncommittal.
You visited 2 branches of the dungeon, and saw 6 of its levels.

You collected 258 gold pieces.

Inventory:

Hand Weapons
 a - a +0 spear
 b - a +0 halberd (weapon)
 i - a +4 mace
Missiles
 h - 6 boomerangs of dispersal
 v - 4 javelins
 x - 4 poisoned darts
Armour
 t - a +0 robe (worn)
Jewellery
 m - a ring of wizardry (left hand)
 y - an amulet of reflection (around neck)
Wands
 u - a wand of flame (19)
Scrolls
 c - 2 scrolls of magic mapping {unknown}
 e - a scroll of acquirement {unknown}
 g - 2 scrolls of enchant weapon {unknown}
 j - a scroll of immolation {unknown}
 k - 2 scrolls of teleportation {unknown}
 l - 4 scrolls of poison {unknown}
 n - 2 scrolls of noise {unknown}
 s - a scroll of butterflies {unknown}
 w - a scroll of identify {unknown}
 B - a scroll of fear {unknown}
Potions
 d - 5 potions of curing {unknown}
 f - a potion of brilliance {unknown}
 o - 2 potions of degeneration {unknown}
 p - a potion of cancellation {unknown}
 q - a potion of haste {unknown}
 r - 2 potions of heal wounds {unknown}
 z - 3 potions of might {unknown}
 A - a potion of flight {unknown}


   Skills:
 - Level 4.0 Fighting
 + Level 4.8 Polearms
 - Level 2.0 Dodging
 + Level 3.1 Spellcasting
 + Level 3.3 Conjurations
 - Level 2.0 Translocations
 + Level 0.3 Ice Magic


You had 5 spell levels left.
You knew the following spells:

 Your Spells              Type           Power      Damage    Failure   Level
a - Kiss of Death         Conj/Necr      24%        2d7       4%          1
b - Momentum Strike       Conj/Tloc      18%        3d8       4%          2
c - Hailstorm             Conj/Ice       7%         3d4       12%         3

Your spell library contained the following spells:

 Spells                   Type           Power      Damage    Failure   Level
 Gell's Gravitas          Tloc           7%         N/A       12%         3
 Teleport Other           Tloc           7%         N/A       12%         3
 Kindle Blastsparks       Fire/Tloc/Air  8%         2d10      19%         3
 Ignite Poison            Fire/Tmut/Pois 2%         N/A       26%         3
 Freezing Cloud           Conj/Ice/Air   2%         6-21      77%         5
 Yara's Violent Unravell  Hex/Tmut       1%         3d3       90%         5
 Dispersal                Tloc           3%         N/A       99%         6
 Enfeeble                 Hex            1%         N/A       100%        7


Dungeon Overview and Level Annotations

Branches:
Dungeon (5/15)             Temple (1/1) D:4

Altars:
Dithmenos
Elyvilon
Fedhas
Gozag
Kikubaaqudgha
Okawaru
Ru
Sif Muna
Trog
Uskayaw
Vehumet
Wu Jian
Yredelemnul
Zin
The Shining One


Innate Abilities, Weirdness & Mutations

You are too large for most types of armour.
You have tough skin. (AC +1)


Message History

You closely miss the orc.
The orc is heavily wounded.
The orc hits you with a +0 antimagic hand axe.
You block the quokka's attack.
An adder comes into view.
Unknown command.
You barely miss the quokka. The quokka closely misses you.
The orc hits you with a +0 antimagic hand axe.
The quokka barely misses you.
The white imp picks up a beetle and eats it.
The white imp gestures at you. The puff of frost hits you!
Unknown command.
Unknown command.
You hit the quokka but do no damage.
You are no longer robbed of momentum.
The quokka twitches its whiskers.
The quokka barely misses you. The orc hits you with a +0 whip.
Unknown command.
Unknown command.
Unknown command.
The quokka barely misses you. The ogre closely misses you.
The orc hits you with a +0 whip. You block the white imp's attack.
You climb upwards.
There is a stone staircase leading down here.
Unknown command.
Casting: Momentum Strike (safe; 4% risk of failure)
Confirm with . or Enter, or press ? or * to list all spells.
Aiming: Momentum Strike (safe; 4% risk of failure)
Press: ? - help, Dir - move target, f - ogre
Aim: an ogre, wielding a +0 giant club (85% to hit)
The concentrated momentum hits the ogre!
You are unable to move.
The quokka bites you. The orc hits you with a +0 whip. The white imp hits you.
The white imp freezes you.
The quokka bites you but does no damage.
You hit the ogre.
The ogre is severely wounded.
The ogre hits you with a +0 giant club!!!
Ouch! That really hurt!
You die...

...............#.##..####..#.#.#.
#...♣♣♣...♣♣♣..............#.#.#.
#..♣# #♣.♣# #♣...#...<.....#.#.#.
##.♣ ♣.♣ ♣.#...#<......#.#.#.
#.♣# #♣.♣# #♣.............#.#.#.
##..♣♣♣.♣.♣♣♣..#..######...#...#.
.......♣♣♣.....#..)........#####.
##..♣♣♣.♣.♣♣♣..#r5#####..#.#####.
...♣# #♣.♣# #♣.O@o.#...........#.
.#.♣ ♣.♣ ♣.###.#.#.#.#.#.####
.#.♣# #♣.♣# #♣.# #.#.....#.#.#
<#..♣♣♣.[.♣♣♣..# #.#.......#.###
.#..)..........# #.##..#####...#
.#.#.##...##.#####.##..# #.#.#
.#...##.####......)##..# ###.##
.....##.#############..# #...
#######................# ####


You could see an ogre, a white imp, an orc and a quokka.

Vanquished Creatures
  Menkaure (D:4)
  Blork the orc (D:4)
  A scorpion (D:4)
  An iguana (D:4)
  Natasha (twice) (D:4)
  2 gnolls (D:3)
  An adder (D:4)
  A dart slug (D:2)
  6 ball pythons
  8 endoplasms
  2 giant cockroaches (D:1)
  6 goblins
  5 hobgoblins
  12 jackals
  3 quokkas (D:1)
  2 bats
  A frilled lizard (D:2)
  3 kobolds
  3 rats
61 creatures vanquished.

Vanquished Creatures (others)
  Ijyb (D:3)
  Natasha (D:4)
  2 gnolls (D:3)
  2 adders
  A ball python (D:2)
  A jackal (D:2)
8 creatures vanquished.

Grand Total: 69 creatures vanquished

Notes
Turn   | Place    | Note
-------+----------+-------------------------------------------
     0 | D:1      | raistware the Ogre Reaver began the quest for the Orb.
     0 | D:1      | Reached XP level 1. HP: 22/22 MP: 3/3
   203 | D:1      | Reached XP level 2. HP: 29/29 MP: 5/5
   215 | D:1      | Learned a level 2 spell: Momentum Strike
   534 | D:1      | Reached XP level 3. HP: 31/36 MP: 6/6
   718 | D:1      | Learned a level 3 spell: Hailstorm
  1787 | D:3      | Reached XP level 4. HP: 34/45 MP: 1/8
  1920 | D:3      | Noticed Ijyb
  1938 | D:3      | Killed Ijyb
  1939 | D:3      | Reached skill level 1 in Translocations
  2653 | D:3      | Found a faded altar of an unknown god.
  2746 | D:4      | Noticed Blork the orc
  2752 | D:4      | Killed Blork the orc
  2753 | D:4      | Reached XP level 5. HP: 40/54 MP: 4/9
  3251 | D:4      | Found a basalt altar of Yredelemnul.
  3254 | D:4      | Found a glowing golden altar of the Shining One.
  3257 | D:4      | Found a blossoming altar of Fedhas.
  3260 | D:4      | Found an iron altar of Okawaru.
  3297 | D:4      | Noticed Menkaure
  3300 | D:4      | Killed Menkaure
  3301 | D:4      | Reached XP level 6. HP: 62/62 MP: 7/10
  3310 | D:4      | Noticed Natasha
  3316 | D:4      | Killed Natasha
  3549 | D:4      | Noticed Natasha
  3556 | D:4      | Killed Natasha
  3615 | D:4      | Found a staircase to the Ecumenical Temple.
  3620 | Temple   | Entered the Ecumenical Temple
  3637 | Temple   | Became a worshipper of Vehumet
  3701 | D:4      | Noticed Natasha
  3707 | D:4      | Killed Natasha
  3811 | D:5      | Entered Level 5 of the Dungeon
  3821 | D:4      | Mangled by an ogre

Illustrated notes

Levels and vault maps discovered:
D:1:      lightli_arrival_boilingwater, layout_basic, minmay_domino_2
D:2:      layout_loops_ring
D:3:      layout_basic, shapermc_ecumenical_altar_acropolis, uniq_ijyb
D:4:      layout_basic, grunt_temple_overflow_cloverleaf,
          minmay_temple_entry_nine_rooms, minmay_stone_trees_medium,
          serial_bayou_pond_a, uniq_menkaure, uniq_blork_the_orc, uniq_natasha
D:5:      layout_basic, lightli_sewer_entry_pipes, serial_glass,
          glass_columns_c, glass_columns_a, glass_columns_c, glass_columns_a,
          st_stairs_12, guppyfry_early_orc_mine
Temple:   nicolae_temple_ecumenical_triangle

Skill      XL: |  1  2  3  4  5 |
---------------+----------------+-----
Polearms       | 4 |  4.8
Dodging        | 2 |  2.0
Fighting       | 3 4 |  4.0
Conjurations   | 3 |  3.3
Translocations | 1 2 |  2.0
Spellcasting   | 3 |  3.1
Ice Magic      | |  0.3

Action                   |  1- 3 |  4- 6 || total
-------------------------+-------+-------++-------
Melee: Spear             |   178 |     7 ||   185
       Punch             |     2 |       ||     2
       Halberd           |       |    62 ||    62
Throw: Dart              |       |     2 ||     2
 Cast: Momentum Strike   |     5 |    16 ||    21
Evoke: Wand              |       |     2 ||     2
 Stab: Sleeping          |     1 |       ||     1
Armor: Robe              |    52 |    16 ||    68
Dodge: Dodged            |    64 |    25 ||    89
Block: Other             |       |     7 ||     7

Table legend: (Time is in decaauts)
 A = Elapsed time spent in this place.
 B = Non-inter-level travel time spent in this place.
 C = Inter-level travel time spent in this place.
 D = Time resting spent in this place.
 E = Time spent auto-exploring this place.
 F = Levels seen in this place.
 G = Mean time per level.
                   A        B        C        D        E       F      G
               +--------+--------+--------+--------+--------+-----+--------+
         Total |   3841 |   3742 |     99 |     86 |   3121 |   6 |  640.2 |
       Dungeon |   3814 |   3724 |     90 |     86 |   3121 |   5 |  762.8 |
        Temple |     26 |     17 |      9 |      0 |      0 |   1 |   26.0 |
               +--------+--------+--------+--------+--------+-----+--------+

Top non-repeatable levels by time:
     D:4: 1121 daAuts
     D:3: 971 daAuts
     D:2: 871 daAuts
     D:1: 840 daAuts
  Temple: 26 daAuts
     D:5: 9 daAuts
